 Dungeon Crawl Stone Soup version 0.19-a0-1886-gd64a0f0 (webtiles) character file.

109 PurpleRed the Conjurer (level 5, -3/28 HPs)
             Began as a Kobold Conjurer on Oct 15, 2016.
             Slain by an ogre
             ... wielding a +0 giant club
              (16 damage)
             ... on level 4 of the Dungeon.
             The game lasted 00:06:34 (992 turns).

PurpleRed the Conjurer (Kobold Conjurer)             Turns: 992, Time: 00:06:34

Health: -3/28      AC:  5    Str:  6    XL:     5   Next: 13%
Magic:  2/10       EV: 15    Int: 17    God:
Gold:   149        SH:  0    Dex: 15    Spells: 3 memorised, 4 levels left

rFire  . . .     SeeInvis .     m - +1 short sword
rCold  . . .     Gourm    .     a - +0 robe
rNeg   . . .     Faith    .     (shield restricted)
rPois  .         Spirit   .     (no helmet)
rElec  .         Dismiss  .     (no cloak)
rCorr  .         Reflect  .     s - +0 pair of gloves
MR     .....     Harm     .     d - +1 pair of boots
Stlth  ++........               (no amulet)
                                (no ring)
                                (no ring)

@: no status effects
A: carnivore 3
a: no special abilities


You were on level 4 of the Dungeon.
You were not hungry.

You visited 1 branch of the dungeon, and saw 4 of its levels.

You collected 149 gold pieces.

Inventory:

Hand Weapons
 i - a +0 dagger
 m - a +1 short sword (weapon)
Missiles
 r - 19 poisoned needles
Armour
 a - a +0 robe (worn)
 d - a +1 pair of boots (worn)
 s - a +0 pair of gloves (worn)
Scrolls
 f - a scroll of amnesia
 k - a scroll of teleportation {unknown}
Potions
 e - a potion of curing
 g - a potion of ambrosia {unknown}
 h - a potion of cancellation {unknown}
 j - a potion of invisibility {unknown}
 l - a potion of resistance {unknown}
 n - 2 potions of mutation {unknown}
 o - 2 potions of lignification {unknown}
 q - 3 potions of degeneration {unknown}
 u - a potion of heal wounds {unknown}
Books
 b - a book of Conjurations

   Spells                             Type                      Level
   a - Magic Dart                     Conjuration                  1
   b - Searing Ray                    Conjuration                  2
   c - Dazzling Spray                 Conjuration/Hexes            3
   d - Fulminant Prism                Conjuration/Hexes            4
   e - Iskenderun's Mystic Blast      Conjuration                  4
   f - Iskenderun's Battlesphere      Conjuration/Charms           5
Comestibles
 c - 4 meat rations
 t - a beef jerky


   Skills:
 - Level 2.4 Dodging
 - Level 2.6 Stealth
 + Level 3.7 Spellcasting
 + Level 5.1 Conjurations


You had 4 spell levels left.
You knew the following spells:

 Your Spells              Type           Power        Failure   Level  Hunger
a - Magic Dart            Conj           ###.         1%          1    None
b - Searing Ray           Conj           ###...       2%          2    ##.....
c - Iskenderun's Mystic   Conj           ###.....     21%         4    ####...


Dungeon Overview and Level Annotations

Branches:
Dungeon (4/15)
 Temple: D:4-7

Altars:
Okawaru


Innate Abilities, Weirdness & Mutations

You are small and have problems with some larger weapons.
You are carnivorous and can eat meat at any time.


Message History

The ogre is almost dead.
You finish channeling your searing ray.
The ogre hits you with a giant club!
Casting: Searing Ray
Confirm with . or Enter, or press ? or * to list all spells.
Aiming: Magic Dart
Press: ? - help, Shift-Dir - straight line, f/p - ogre
Aim: an ogre, wielding a giant club (severely wounded)
The magic dart hits the ogre.
The ogre is almost dead.
The ogre misses you.
Casting: Magic Dart
Confirm with . or Enter, or press ? or * to list all spells.
Aiming: Magic Dart
Press: ? - help, Shift-Dir - straight line, f/p - ogre
Aim: an ogre, wielding a giant club (almost dead)
The magic dart hits the ogre.
The ogre is almost dead.
The ogre hits you with a giant club!
Ouch! That really hurt!
You die...

.._..# . #.# .).).#..
#.# ... .... #.#######.#
.###.... # #.#.......#
..#...#..#
#.##.#.#######
.........# #..........#
.#..#.#..# ####.#.###.#
...##.#..# #O#.# #.#
..###.#..# #@#.# #.#
.^(......# #.#.# #.#
..###.#.# #.#.# #.#
........# #.#.###.#
......#.# #.......#
..#####.##########.#####
..# #............#
#######.############
...<....#


You could see an ogre.

Vanquished Creatures
  Ijyb (D:2)
  An iguana (D:4)
  2 adders
  A leopard gecko (D:2)
  4 orcs (D:3)
  3 bats
  2 giant cockroaches (D:1)
  9 goblins
  3 hobgoblins
  3 kobolds
  2 frilled lizards
  A jackal skeleton (D:3)
  A rat (D:1)
33 creatures vanquished.

Notes
Turn   | Place    | Note
-------+----------+-------------------------------------------
     0 | D:1      | PurpleRed the Kobold Conjurer began the quest for the Orb.
     0 | D:1      | Reached XP level 1. HP: 10/10 MP: 3/3
   183 | D:1      | Reached XP level 2. HP: 15/15 MP: 0/5
   187 | D:1      | Learned a level 2 spell: Searing Ray
   358 | D:2      | Reached XP level 3. HP: 19/19 MP: 1/7
   363 | D:2      | Noticed Ijyb
   521 | D:2      | Killed Ijyb
   521 | D:2      | Reached XP level 4. HP: 24/24 MP: 0/9
   534 | D:2      | Learned a level 4 spell: Iskenderun's Mystic Blast
   631 | D:3      | Found a faded altar of an unknown god.
   676 | D:3      | Reached skill level 5 in Conjurations
   907 | D:4      | Reached XP level 5. HP: 19/28 MP: 1/10
   927 | D:4      | Found an iron altar of Okawaru.
   972 | D:4      | Noticed an ogre
   992 | D:4      | Slain by an ogre

Vault maps used:
D:1:      lightli_arrival_flooded_house, due_unseen_surprise
D:2:      uniq_iyjb
D:3:      ecumenical_altar_1
D:4:      kennysheep_big_flooded_room, vehumet_statue, first_bread,
          serial_bayou_pond_e, okawaru_ov_weapons_minmay

Skill      XL: |  1  2  3  4 |
---------------+-------------+-----
Spellcasting   | 3 |  3.7
Conjurations   | 5 |  5.1
Dodging        | |  2.4
Stealth        | |  2.6

Action                   |  1- 3 |  4- 6 || total
-------------------------+-------+-------++-------
Melee: Dagger            |    31 |       ||    31
       Short sword       |     5 |    16 ||    21
 Cast: Magic Dart        |    26 |    17 ||    43
       Searing Ray       |     1 |     5 ||     6
  Use: Scroll            |       |     5 ||     5
 Stab: Sleeping          |       |     2 ||     2
  Eat: Chunk             |       |     4 ||     4
Armor: Robe              |     8 |     7 ||    15
Dodge: Dodged            |    36 |    31 ||    67
